 Dungeon Crawl Stone Soup version 0.28-a0-1387-g3a22ab9bdc (webtiles) character file.

Game seed: 17777937988319264736

5 Gargoyl the Skirmisher (level 1, 23/23 HPs)
             Began as a Gnoll Abyssal Knight on Jan 2, 2022.
             Was an Initiate of Lugonu.
             Quit the game on level 1 of the Dungeon.
             The game lasted 00:00:41 (195 turns).

Gargoyl the Skirmisher (Gnoll Abyssal Knight)        Turns: 195, Time: 00:00:42

Health: 23/23      AC:  3    Str: 12    XL:     1   Next: 80%
Magic:  2/3        EV: 12    Int:  9    God:    Lugonu [......]
Gold:   0          SH:  0    Dex: 12    Spells: 0/0 levels left

rFire   . . .      SeeInvis .   a - +1 hand axe
rCold   . . .      Faith    .   (no shield)
rNeg    . . .      Spirit   .   b - +0 leather armour
rPois   .          Reflect  .   (no helmet)
rElec   .          Harm     .   (no cloak)
rCorr   .          Rampage  .   (no gloves)
Will    .....                   (no boots)
Stlth   +.........              (no amulet)
HPRegen 0.07/turn               (no ring)
MPRegen 0.08/turn               (no ring)

@: no status effects
A: fangs 1, strong nose, distributed training
a: Renounce Religion


You were on level 1 of the Dungeon.
You worshipped Lugonu.
Lugonu was noncommittal.
You visited 1 branch of the dungeon, and saw 1 of its levels.
You visited the Abyss 1 time.

Inventory:

Hand Weapons
 a - a +1 hand axe (weapon)
Armour
 b - a +0 leather armour (worn)


   Skills:
 + Level 6.4 Fighting
 + Level 0.1 Short Blades
 + Level 0.1 Long Blades
 + Level 4.4 Axes
 + Level 0.1 Maces & Flails
 + Level 0.1 Polearms
 + Level 0.1 Staves
 + Level 0.1 Slings
 + Level 0.1 Bows
 + Level 0.1 Crossbows
 + Level 0.1 Throwing
 + Level 4.4 Armour
 + Level 2.4 Dodging
 + Level 0.1 Stealth
 + Level 0.1 Shields
 + Level 0.1 Unarmed Combat
 + Level 0.1 Spellcasting
 + Level 0.1 Conjurations
 + Level 0.1 Hexes
 + Level 0.1 Summonings
 + Level 0.1 Necromancy
 + Level 0.1 Translocations
 + Level 0.1 Transmutations
 + Level 0.1 Fire Magic
 + Level 0.1 Ice Magic
 + Level 0.1 Air Magic
 + Level 0.1 Earth Magic
 + Level 0.1 Poison Magic
 + Level 4.4 Invocations
 + Level 0.1 Evocations


You couldn't memorise any spells.
You didn't know any spells.
Your spell library was empty.

Dungeon Overview and Level Annotations

Branches:
Dungeon (1/15)

Altars:


Innate Abilities, Weirdness & Mutations

You have very sharp teeth.
Your uncanny sense of smell can sniff out nearby items.
Your experience applies equally to all skills.


Message History

Lugonu says: Depart the Abyss and spread corruption, my servant! (use the ability menu to exit the Abyss) Press ? for a list of commands and other information.
Found a corrupted altar of Lugonu.
Found a gateway leading out of the Abyss.
Found two gateways leading deeper into the Abyss.
A stone giant zombie comes into view.
An ufetubus comes into view.
The ufetubus shouts!
You hit the ufetubus.
The ufetubus is almost dead.
The ufetubus misses you. The ufetubus hits you.
You hit the ufetubus.
You kill the ufetubus!
Unknown command.
There is a gateway leading deeper into the Abyss here.
You plunge deeper into the Abyss.
HP restored.
There is an empty arch of ancient stone here.
Found a gateway leading deeper into the Abyss.
Unknown command.
Found 24 gold pieces.
Found 13 arrows.
There is a gateway leading deeper into the Abyss here.
You plunge deeper into the Abyss.
The abyssal rune of Zot can be found at this depth.
Found 46 gold pieces.
Found a gateway leading out of the Abyss.
Found a corrupted altar of Lugonu.
Found a quarterstaff.
Found a silver ring.
You are suddenly pulled into a different region of the Abyss!
A raiju comes into view.
The raiju barks!
You pass through the gate.
You can no longer depart the Abyss at will.
There is a staircase leading out of the dungeon here.
Nothing quivered!
Are you sure you want to abandon this character and quit the game? (Confirm with "yes".)
Okay, then.
Are you sure you want to abandon this character and quit the game? (Confirm with "yes".)

####
#..#
#@.#
##+#


There were no monsters in sight!

Vanquished Creatures
  An ufetubus (Abyss:1)
1 creature vanquished.

Notes
Turn   | Place    | Note
-------+----------+-------------------------------------------
     0 | Abyss:1  | Gargoyl the Gnoll Abyssal Knight began the quest for the
                  | Orb.
     0 | Abyss:1  | Reached XP level 1. HP: 23/23 MP: 3/3
    66 | Abyss:1  | Noticed a stone giant zombie
   126 | Abyss:3  | Noticed a kraken
   133 | Abyss:3  | Found a corrupted altar of Lugonu.
   176 | Abyss:3  | Noticed a raiju
   194 | D:1      | Escaped the Abyss
   195 | D:1      | Quit the game

Illustrated notes

Levels and vault maps discovered:
D:1:      sevenhm_arrival_forest_fort_small_3, layout_loops_ring,
          shapermc_ecumenical_altar_pompeii

Action                   || total
-------------------------++-------
Melee: Hand axe          ||     2
Invok: Depart the Abyss  ||     1
Dodge: Dodged            ||     1

Table legend: (Time is in decaauts)
 A = Elapsed time spent in this place.
 B = Non-inter-level travel time spent in this place.
 C = Inter-level travel time spent in this place.
 D = Time resting spent in this place.
 E = Time spent auto-exploring this place.
 F = Levels seen in this place.
 G = Mean time per level.
                   A        B        C        D        E       F      G
               +--------+--------+--------+--------+--------+-----+--------+
         Total |    194 |    194 |      0 |      0 |    115 |   4 |   48.5 |
       Dungeon |      0 |      0 |      0 |      0 |      0 |   1 |    0.0 |
         Abyss |    193 |    193 |      0 |      0 |    115 |   3 |   64.3 |
               +--------+--------+--------+--------+--------+-----+--------+

Top non-repeatable levels by time:
 Abyss:1: 83 daAuts
 Abyss:3: 67 daAuts
 Abyss:2: 42 daAuts
     D:1: 0 daAuts
